 Dungeon Crawl Stone Soup version 0.20.0-10-g0535bb4 (webtiles) character file.

668 Lavandula the Cleaver (level 7, -6/91 HPs)
             Began as a Minotaur Berserker on June 4, 2017.
             Was a Priest of Trog.
             Shot with an arrow by a centaur (14 damage)
             ... on level 5 of the Dungeon.
             The game lasted 00:04:58 (3633 turns).

Lavandula the Cleaver (Minotaur Berserker)          Turns: 3633, Time: 00:04:59

Health: -6/91      AC:  5    Str: 27    XL:     7   Next: 32%
Magic:  6/6        EV: 12    Int:  4    God:    Trog [***...]
Gold:   213        SH:  0    Dex: 11    Spells: 6/6 levels left

rFire    + . .     SeeInvis .   a - +0 hand axe
rCold    . . .     Gourm    .   (no shield)
rNeg     . . .     Faith    .   w - +0 ring mail {rF+}
rPois    .         Spirit   .   (helmet restricted)
rElec    .         Reflect  .   (no cloak)
rCorr    .         Harm     .   (no gloves)
MR       ++...     Rnd*Tele +   (no boots)
Stlth    ..........             o - amulet of rage
Regen    1.3/turn               k - ring of teleportation
MPRegen  0.1/turn               (no ring)

@: berserking, regenerating, very quick
A: retaliatory headbutt, horns 2
a: Berserk, Trog's Hand, Burn Spellbooks, Renounce Religion, Evoke Berserk Rage


You were on level 5 of the Dungeon.
You worshipped Trog.
Trog was most pleased with you.
You were near starving.

You visited 1 branch of the dungeon, and saw 5 of its levels.

You collected 213 gold pieces.

Inventory:

Hand Weapons
 a - a +0 hand axe (weapon)
Missiles
 t - 2 tomahawks of returning (quivered)
 u - 6 tomahawks
Armour
 w - a +0 ring mail of fire resistance (worn)
Jewellery
 e - an uncursed ring of protection from magic {unknown}
 k - a ring of teleportation (left hand)
 o - an amulet of rage (around neck)
Scrolls
 b - a scroll of noise {unknown}
 d - 2 scrolls of remove curse
 g - 3 scrolls of fog
 h - 2 scrolls of teleportation
 p - 2 scrolls of amnesia {unknown}
 r - a scroll of enchant weapon {unknown}
 v - a scroll of fear {unknown}
Potions
 i - a potion of invisibility {unknown}
 l - 3 potions of curing {unknown}
 n - 2 potions of haste
 q - a potion of agility {unknown}
 s - a potion of brilliance {unknown}
Comestibles
 c - 4 bread rations
 f - a royal jelly
 j - 5 meat rations


   Skills:
 + Level 5.2 Fighting
 * Level 8.8 Axes
 + Level 2.7 Armour
 + Level 3.7 Dodging
 - Level 0.1 Stealth


You had 6 spell levels left.
You didn't know any spells.

Dungeon Overview and Level Annotations

Branches:
Dungeon (5/15)             Temple (0/1) D:4

Altars:
Gozag
Qazlal
Xom
Zin
The Shining One

Shops:
D:3 *


Innate Abilities, Weirdness & Mutations

You reflexively headbutt those who attack you in melee.
You have a pair of horns on your head.


Message History

Unknown command.
The centaur shoots an arrow.
The arrow hits you!
* * * LOW HITPOINT WARNING * * *
You see here an arrow.
Okay, then.
Okay, then.
Your skin crawls.
You feel resistant to hostile enchantments.
You are feeling hungry.
The centaur shoots an arrow.
The arrow hits you.
* * * LOW HITPOINT WARNING * * *
x2
Okay, then.
The centaur shoots an arrow.
The arrow hits you!
* * * LOW HITPOINT WARNING * * *
x2 You see here an arrow.
A red film seems to cover your vision as you go berserk!
You feel yourself moving faster!
You feel mighty!
You are near starving!
The centaur shoots an arrow.
The arrow hits you!
You die...

.......###.#....#
.......# #.#..(.#
#####+## #......#
#.######
#####+####'##
............#
............#########
....................#
...............(@.c.#
............(((.....#
............#########
............#
............####
#####+#........# ##
#.......###.# .#
#..####.# #.# .# #..
#.###.#


You could see a centaur.

Vanquished Creatures
  An ogre (D:5)
  A scorpion (D:5)
  A howler monkey (D:5)
  5 crimson imps
  An orc priest (D:3)
  A centaur skeleton (D:4)
  A hound (D:5)
  3 worker ants
  4 adders
  2 shadow imps
  2 oozes
  An adder skeleton (D:5)
  A worm (D:2)
  5 leopard geckos
  14 orcs
  3 ball pythons
  8 bats
  2 giant cockroaches
  4 goblins
  7 hobgoblins
  12 jackals
  7 kobolds
  8 frilled lizards
  A quokka zombie (D:4)
  6 rats
101 creatures vanquished.

Notes
Turn   | Place    | Note
-------+----------+-------------------------------------------
     0 | D:1      | Lavandula the Minotaur Berserker began the quest for the Orb.
     0 | D:1      | Reached XP level 1. HP: 19/19 MP: 0/0
    71 | D:1      | Reached XP level 2. HP: 19/27 MP: 1/1
   108 | D:1      | Reached skill level 4 in Axes
   539 | D:1      | Reached XP level 3. HP: 27/33 MP: 2/2
   920 | D:2      | Reached ** piety under Trog
   946 | D:2      | Found an opulent altar of Gozag.
  1381 | D:2      | You fall through a shaft for 2 floors!
  1393 | D:4      | Reached skill level 5 in Axes
  1393 | D:4      | Reached XP level 4. HP: 40/40 MP: 3/3
  1554 | D:4      | Reached XP level 5. HP: 45/47 MP: 4/4
  1783 | D:4      | Found a stormy altar of Qazlal.
  1818 | D:4      | Found a staircase to the Ecumenical Temple.
  1825 | D:4      | Reached skill level 6 in Axes
  2009 | D:3      | Found Zin's Purification Station.
  2009 | D:3      | Found a glowing silver altar of Zin.
  2253 | D:3      | Reached *** piety under Trog
  2258 | D:3      | Reached XP level 6. HP: 53/53 MP: 5/5
  2358 | D:3      | Received a gift from Trog
  2387 | D:3      | Reached skill level 7 in Axes
  3169 | D:4      | Found a glowing golden altar of the Shining One.
  3293 | D:5      | Entered Level 5 of the Dungeon
  3301 | D:5      | Found a shimmering altar of Xom.
  3327 | D:5      | Reached skill level 5 in Fighting
  3407 | D:5      | Reached skill level 8 in Axes
  3440 | D:5      | Reached XP level 7. HP: 59/61 MP: 6/6
  3633 | D:5      | Shot with an arrow by a centaur

Skill      XL: |  1  2  3  4  5  6 |
---------------+-------------------+-----
Fighting       | 4 5 |  5.2
Axes           | 4 5 6 8 |  8.8
Dodging        | 3 |  3.7
Armour         | |  2.7
Stealth        | |  0.1

Action                   |  1- 3 |  4- 6 |  7- 9 || total
-------------------------+-------+-------+-------++-------
Melee: Hand axe          |    81 |   107 |    13 ||   201
       Headbutt          |    17 |    16 |     3 ||    36
Invok: Berserk           |     2 |     5 |     1 ||     8
       Trog's Hand       |       |       |     1 ||     1
  Use: Scroll            |       |     4 |       ||     4
  Eat: Chunk             |     1 |     4 |     2 ||     7
       Royal jelly       |       |     4 |       ||     4
Armor: Animal skin       |    18 |    13 |     4 ||    35
Dodge: Dodged            |    52 |    54 |    11 ||   117
